Coyotes vs Senateurs
(R1)
Created - November 14, 2017 at 19:30
Goals
|
| Coyotes |
0 |
0 |
2 |
2 |
| Senateurs |
1 |
1 |
1 |
3 |
|
Shots
|
| Coyotes |
8 |
6 |
12 |
26 |
| Senateurs |
9 |
11 |
13 |
33 |
|
1st period
1. Senateurs , Brandon Dubinsky 1 (Ramzi Abid 1, Arturs Kulda 3) at 4:00
Penalties :
Enver Lisin (Ari) for Cross-checking (Minor) at 4:22, Greg Zanon (Ari) for Hooking (Minor) at 8:02, Arturs Kulda (Ott) for Hooking (Minor) at 11:51, Carlo Colaiacovo (Ott) for Slashing (Minor) at 15:58, Zach Parise (Ari) for Hooking (Minor) at 16:17, Anton Stralman (Ari) for Hooking (Minor) at 16:45
2nd period
2. Senateurs , Sergei Kostitsyn 1 (Arturs Kulda 4, Rob Schremp 2) at 11:57
Penalties :
Milan Hejduk (Ott) for Tripping (Minor) at 8:42, Brad Richards (Ari) for Interference (Minor) at 12:02, Brenden Morrow (Ott) for Holding (Minor) at 14:52, Marian Gaborik (Ari) for Tripping (Minor) at 14:57
3rd period
3. Senateurs , Johan Franzen 5 (Brenden Morrow 14, Cody Hodgson 3) at 1:50
4. Coyotes , Zach Parise 9 (Marian Gaborik 11, Brad Richards 13) at 2:42
5. Coyotes , Josh Gorges 2 (Brad Richards 14, Marian Gaborik 12) at 7:55 (PP)
Penalties :
B.J. Crombeen (Ott) for Hooking (Minor) at 6:31, Carlo Colaiacovo (Ott) for Holding (Minor) at 10:11, Mark Bell (Ari) for Holding (Minor) at 13:02
Goalie Stats
Ryan Miller (Ari), 30 saves from 33 shots - (0.909), L, 5-7-1, 59:02 minutes
Ondrej Pavelec (Ott), 24 saves from 26 shots - (0.923), W, 2-7-1, 60:00 minutes
Players Stats for Coyotes
Player Name G A P +/- PIM S H SB GA TA FO MP PP MP PK MP
------------------------------------------------------------------------------------
Anton Stralman 0 0 0 1 2 1 0 1 1 1 0/0 26:19 4:29 3:13
Brad Richards 0 2 2 -1 2 2 1 2 1 0 16/27 21:49 4:23 3:10
Brooks Laich 0 0 0 -1 0 3 1 0 0 1 4/5 9:29 0:00 0:00
Chris Neil 0 0 0 -1 0 0 0 0 0 0 0/0 7:47 0:00 0:00
Chris Stewart 0 0 0 0 0 1 3 0 1 0 0/0 13:41 3:11 0:00
Enver Lisin 0 0 0 0 2 2 1 0 2 0 0/0 7:16 0:00 0:00
Eric Brewer 0 0 0 -3 0 0 1 0 0 0 0/0 19:22 3:16 3:20
Greg Zanon 0 0 0 0 2 2 0 1 0 1 0/0 16:04 0:00 5:24
Josh Gorges 1 0 1 -3 0 2 0 3 0 1 0/0 23:16 3:16 6:44
Kristopher Letang 0 0 0 1 0 1 1 0 1 0 0/0 23:56 4:29 1:19
Marian Gaborik 0 2 2 -1 2 4 1 0 0 0 2/5 17:48 4:33 0:00
Mark Bell 0 0 0 0 2 0 1 0 1 0 1/1 13:51 0:11 3:28
Martin Samuelsson 0 0 0 -1 0 0 2 0 1 0 0/0 10:49 0:00 3:33
Maxim Talbot 0 0 0 0 0 2 2 0 0 0 8/14 13:08 0:00 4:29
Nazem Kadri 0 0 0 0 0 0 1 0 0 0 7/11 15:23 3:11 1:05
Thomas Hickey 0 0 0 0 0 0 0 1 1 0 0/0 10:44 0:00 0:00
Tyler Ennis 0 0 0 0 0 3 0 0 0 0 1/1 13:53 3:11 0:21
Zach Parise 1 0 1 -1 2 3 2 0 0 0 1/5 21:25 4:33 2:23
Players Stats for Senateurs
Player Name G A P +/- PIM S H SB GA TA FO MP PP MP PK MP
------------------------------------------------------------------------------------
Arturs Kulda 0 2 2 2 2 0 0 0 0 1 0/0 11:40 0:00 1:23
B.J. Crombeen 0 0 0 -1 2 4 0 0 0 0 0/1 20:46 5:05 1:23
Brandon Dubinsky 1 0 1 1 0 3 2 0 0 0 1/3 10:42 0:00 1:56
Brenden Morrow 0 1 1 1 2 4 0 0 0 0 1/2 17:13 3:44 3:08
Brooks Orpik 0 0 0 1 0 0 0 1 0 2 0/0 20:54 3:05 3:19
Carlo Colaiacovo 0 0 0 -1 4 2 2 2 0 1 0/0 26:40 6:10 2:53
Cody Hodgson 0 1 1 1 0 0 0 0 0 0 1/6 12:59 3:15 0:00
Dan Girardi 0 0 0 2 0 0 2 0 0 0 0/0 11:28 0:00 0:10
Evgeni Malkin 0 0 0 -1 0 8 0 0 2 2 23/48 24:46 5:00 4:26
Johan Franzen 1 0 1 1 0 2 2 0 0 0 0/0 12:59 3:15 0:00
Kurtis Foster 0 0 0 -1 0 0 1 3 0 1 0/0 28:56 5:43 4:33
Milan Hejduk 0 0 0 1 2 1 1 0 0 1 0/0 9:03 0:06 0:00
Pascal Dupuis 0 0 0 1 0 0 1 0 0 0 0/0 7:34 0:00 0:00
Ramzi Abid 0 1 1 1 0 2 2 0 0 0 1/2 10:50 0:26 0:11
Rob Schremp 0 1 1 1 0 0 1 0 0 0 0/1 7:34 0:00 0:00
Sergei Kostitsyn 1 0 1 1 0 1 1 0 1 0 1/1 8:58 0:06 0:00
Thomas Vanek 0 0 0 -1 0 6 2 1 1 1 1/5 24:46 5:00 4:26
Vladimir Mihalik 0 0 0 1 0 0 2 0 0 0 0/0 20:47 3:05 3:12
3 Stars
1 - Johan Franzen (Ott)
2 - Brandon Dubinsky (Ott)
3 - Sergei Kostitsyn (Ott)
Power Play
Coyotes - 1 on 6 Attempt(s) - 16.67%
Senateurs - 0 on 7 Attempt(s) - 0.00%
Penalty Kill
Coyotes - 7 on 7 Attempt(s) - 100.00%
- Score 0 goal in Penalty Kill
Senateurs - 5 on 6 Attempt(s) - 83.33%
- Score 0 goal in Penalty Kill
Team Stat
Coyotes - Hits : 17 - Faceoff Wins : 40 - Blocked Shots : 8 - Penalty Minutes : 14
Senateurs - Hits : 19 - Faceoff Wins : 29 - Blocked Shots : 7 - Penalty Minutes : 12
Official
Referees : Joannette Marc and Leggo Mike
Linesman : Mike Cvik and Lyle Seitz
Game Notes
No Game Note
Finance
Level 1 -- Attendance: 5625 (93.75%) -- Ticket Income $466,875
Level 2 -- Attendance: 5000 (100.00%) -- Ticket Income $265,000
Level 3 -- Attendance: 1930 (96.50%) -- Ticket Income $63,690
Level 4 -- Attendance: 3814 (95.35%) -- Ticket Income $87,722
Luxury Box -- Attendance: 925 (92.50%) -- Ticket Income $143,375
Game was played at the Place Banque Scotia.
Total Attendance: 17294 (96.08%)
Total Ticket Income: $1,026,662
Other Income: $153,999
Total Income: $1,180,661
Coyotes
5 vs 5 Forward
Center Left Wing Right Wing Time % Phy DF OF
1 Brad Richards Zach Parise Marian Gaborik 37 0 2 3
2 Nazem Kadri Tyler Ennis Chris Stewart 30 0 2 3
3 Maxim Talbot Mark Bell Enver Lisin 20 0 2 3
4 Brooks Laich Martin Samuelsson Chris Neil 13 1 2 2
5 vs 5 Defense
Defense Defense Time % Phy DF OF
1 Kristopher Letang Anton Stralman 42 1 2 2
2 Josh Gorges Eric Brewer 34 1 3 1
3 Thomas Hickey Greg Zanon 24 1 3 1
4 Kristopher Letang Josh Gorges 0 1 2 2
PowerPlay Forward
Center Left Wing Right Wing Time % Phy DF OF
1 Brad Richards Zach Parise Marian Gaborik 60 1 1 3
2 Nazem Kadri Tyler Ennis Chris Stewart 40 1 1 3
PowerPlay Defense
Defense Defense Time % Phy DF OF
1 Kristopher Letang Anton Stralman 60 1 1 3
2 Josh Gorges Eric Brewer 40 1 1 3
Penalty Kill 4 Players Forward
Center Wing Time % Phy DF OF
1 Maxim Talbot Mark Bell 60 1 3 1
2 Brad Richards Martin Samuelsson 40 1 3 1
Penalty Kill 4 Players Defense
Defense Defense Time % Phy DF OF
1 Greg Zanon Josh Gorges 60 1 4 0
2 Anton Stralman Eric Brewer 40 1 4 0
Penalty Kill - 3 Players Forward
Forward Time % Phy DF OF
1 Brad Richards 60 1 3 1
2 Zach Parise 40 1 3 1
Penalty Kill - 3 Players Defense
Defense Defense Time % Phy DF OF
1 Greg Zanon Anton Stralman 60 1 4 0
2 Josh Gorges Eric Brewer 40 1 4 0
4 vs 4 Forward
Center Wing Time % Phy DF OF
1 Brad Richards Zach Parise 60 1 2 2
2 Nazem Kadri Marian Gaborik 40 1 2 2
4 vs 4 Defense
Defense Defense Time % Phy DF OF
1 Kristopher Letang Anton Stralman 60 1 2 2
2 Josh Gorges Eric Brewer 40 1 2 2
Last Minutes Offensive
Center Left Wing Right Wing Defense Defense
Brad Richards Zach Parise Marian Gaborik Kristopher Letang Anton Stralman
Last Minutes Defensive
Center Left Wing Right Wing Defense Defense
Brad Richards Zach Parise Marian Gaborik Greg Zanon Anton Stralman
Goaltenders
Starting : Ryan Miller
Backup : Maxime Daigneault
Extra Forwards
Normal : Mark Bell, Maxim Talbot, Brooks Laich - PP : Mark Bell, Maxim Talbot - PK : Zach Parise
Extra Defensemen
Normal : Thomas Hickey, Greg Zanon, Anton Stralman - PP : Josh Gorges - PK : Kristopher Letang, Anton Stralman
Penalty Shots
Tyler Ennis, Marian Gaborik, Zach Parise, Brad Richards, Chris Stewart
Scratches
Michael Del Zotto (Suspend)
Senateurs
5 vs 5 Forward
Center Left Wing Right Wing Time % Phy DF OF
1 Evgeni Malkin Thomas Vanek B.J. Crombeen 40 1 2 2
2 Cody Hodgson Brenden Morrow Johan Franzen 30 1 2 2
3 Brandon Dubinsky Ramzi Abid Milan Hejduk 20 1 2 2
4 Rob Schremp Sergei Kostitsyn Pascal Dupuis 10 1 2 2
5 vs 5 Defense
Defense Defense Time % Phy DF OF
1 Kurtis Foster Carlo Colaiacovo 40 1 2 2
2 Brooks Orpik Vladimir Mihalik 30 1 2 2
3 Dan Girardi Arturs Kulda 20 1 2 2
4 Kurtis Foster Carlo Colaiacovo 10 1 2 2
PowerPlay Forward
Center Left Wing Right Wing Time % Phy DF OF
1 Evgeni Malkin Thomas Vanek B.J. Crombeen 60 1 2 2
2 Cody Hodgson Brenden Morrow Johan Franzen 40 1 2 2
PowerPlay Defense
Defense Defense Time % Phy DF OF
1 Kurtis Foster Carlo Colaiacovo 60 1 2 2
2 Brooks Orpik Vladimir Mihalik 40 1 2 2
Penalty Kill 4 Players Forward
Center Wing Time % Phy DF OF
1 Evgeni Malkin Thomas Vanek 60 1 2 2
2 Brenden Morrow B.J. Crombeen 40 1 2 2
Penalty Kill 4 Players Defense
Defense Defense Time % Phy DF OF
1 Kurtis Foster Carlo Colaiacovo 60 1 2 2
2 Brooks Orpik Vladimir Mihalik 40 1 2 2
Penalty Kill - 3 Players Forward
Forward Time % Phy DF OF
1 Evgeni Malkin 60 1 2 2
2 Thomas Vanek 40 1 2 2
Penalty Kill - 3 Players Defense
Defense Defense Time % Phy DF OF
1 Kurtis Foster Carlo Colaiacovo 60 1 2 2
2 Brooks Orpik Vladimir Mihalik 40 1 2 2
4 vs 4 Forward
Center Wing Time % Phy DF OF
1 Evgeni Malkin Thomas Vanek 60 1 2 2
2 Brenden Morrow B.J. Crombeen 40 1 2 2
4 vs 4 Defense
Defense Defense Time % Phy DF OF
1 Kurtis Foster Carlo Colaiacovo 60 1 2 2
2 Brooks Orpik Vladimir Mihalik 40 1 2 2
Last Minutes Offensive
Center Left Wing Right Wing Defense Defense
Evgeni Malkin Thomas Vanek B.J. Crombeen Kurtis Foster Carlo Colaiacovo
Last Minutes Defensive
Center Left Wing Right Wing Defense Defense
Evgeni Malkin Thomas Vanek B.J. Crombeen Kurtis Foster Carlo Colaiacovo
Goaltenders
Starting : Ondrej Pavelec
Backup : Jeff Deslauriers
Extra Forwards
Normal : Ramzi Abid, Sergei Kostitsyn, Brandon Dubinsky - PP : Ramzi Abid, Sergei Kostitsyn - PK : Brandon Dubinsky
Extra Defensemen
Normal : Dan Girardi, Arturs Kulda, Brooks Orpik - PP : Dan Girardi - PK : Arturs Kulda, Brooks Orpik
Penalty Shots
Evgeni Malkin, Thomas Vanek, Brenden Morrow, B.J. Crombeen, Johan Franzen
Scratches
Dan Hamhuis (Strained Right Elbow Injury), Ryan Malone (Healthy)
% Time on Ice - Coyotes
Lines # - Real PCT - Wanted PCT - Time Play
Normal Forward
1 - 32% - 37% - 12:25
2 - 30% - 30% - 11:44
3 - 19% - 20% - 7:16
4 - 19% - 13% - 7:14
Normal Defense
1 - 44% - 42% - 17:04
2 - 29% - 34% - 11:23
3 - 26% - 24% - 10:12
4 - 0% - 0% - 0:00
PP Forward
1 - 59% - 60% - 4:34
2 - 41% - 40% - 3:11
PP Defense
1 - 58% - 60% - 4:29
2 - 42% - 40% - 3:16
PK Forward
1 - 75% - 60% - 6:24
2 - 25% - 40% - 2:05
PK Defense
1 - 70% - 60% - 5:55
2 - 30% - 40% - 2:34
PK3 Forward
1 - 58% - 60% - 0:53
2 - 42% - 40% - 0:38
PK3 Defense
1 - 49% - 60% - 0:45
2 - 51% - 40% - 0:46
44 Forward
1 - 77% - 60% - 1:49
2 - 23% - 40% - 0:33
44 Defense
1 - 73% - 60% - 1:44
2 - 27% - 40% - 0:38
Last Minute Offensive - 1:14
Last Minute Defensive - 0:00
Total
Forward - 60:00
Defense - 60:00
|
% Time on Ice - Senateurs
Lines # - Real PCT - Wanted PCT - Time Play
Normal Forward
1 - 33% - 40% - 12:45
2 - 28% - 30% - 10:41
3 - 20% - 20% - 7:40
4 - 20% - 10% - 7:34
Normal Defense
1 - 37% - 40% - 14:20
2 - 35% - 30% - 13:30
3 - 27% - 20% - 10:17
4 - 1% - 10% - 0:33
PP Forward
1 - 58% - 60% - 5:06
2 - 42% - 40% - 3:42
PP Defense
1 - 65% - 60% - 5:43
2 - 35% - 40% - 3:05
PK Forward
1 - 75% - 60% - 5:51
2 - 25% - 40% - 1:54
PK Defense
1 - 59% - 60% - 4:33
2 - 41% - 40% - 3:12
PK3 Forward
1 - 0% - 60%
2 - 0% - 40%
PK3 Defense
1 - 0% - 60%
2 - 0% - 40%
44 Forward
1 - 64% - 60% - 2:18
2 - 36% - 40% - 1:16
44 Defense
1 - 72% - 60% - 2:34
2 - 28% - 40% - 1:00
Last Minute Offensive - 0:00
Last Minute Defensive - 1:13
Total
Forward - 60:00
Defense - 60:00
|
Play by Play
1st period
0:01 of 1st period - Evgeni Malkin wins face-off versus Brad Richards in neutral zone.
0:03 of 1st period - Off-side.
0:04 of 1st period - Marian Gaborik wins face-off versus Thomas Vanek in neutral zone.
0:55 of 1st period - Off-side.
0:56 of 1st period - Mark Bell wins face-off versus Brandon Dubinsky in neutral zone.
1:03 of 1st period - Slapshot by Mark Bell.
1:03 of 1st period - Deflect By Maxim Talbot.
1:03 of 1st period - Stopped by Ondrej Pavelec without a rebound.
1:04 of 1st period - Sergei Kostitsyn wins face-off versus Brooks Laich in Senateurs zone.
1:18 of 1st period - Snap shot by Brooks Laich.
1:18 of 1st period - Stopped by Ondrej Pavelec with a rebound.
1:36 of 1st period - Brad Richards is hit by Thomas Vanek and loses puck.
2:49 of 1st period - Pascal Dupuis is hit by Eric Brewer and loses puck.
3:07 of 1st period - Icing by Nazem Kadri.
3:08 of 1st period - Brad Richards wins face-off versus Cody Hodgson in Coyotes zone.
3:21 of 1st period - Slapshot by Marian Gaborik.
3:21 of 1st period - Stopped by Ondrej Pavelec without a rebound.
3:22 of 1st period - Nazem Kadri wins face-off versus Evgeni Malkin in Senateurs zone.
3:54 of 1st period - Slapshot by Thomas Vanek.
3:54 of 1st period - Stopped by Ryan Miller with a rebound.
3:56 of 1st period - Snap shot by Arturs Kulda.
3:56 of 1st period - Shot Misses the Net.
3:58 of 1st period - Snap shot by Ramzi Abid.
3:58 of 1st period - Stopped by Ryan Miller with a rebound.
4:00 of 1st period - Wrist shot by Brandon Dubinsky.
4:00 of 1st period - Goal by Brandon Dubinsky - Coyotes : 0 - Senateurs : 1.
4:01 of 1st period - Maxim Talbot wins face-off versus Evgeni Malkin in neutral zone.
4:12 of 1st period - Backhand shot by Thomas Vanek.
4:12 of 1st period - Deflect By Evgeni Malkin.
4:12 of 1st period - Stopped by Ryan Miller with a rebound.
4:14 of 1st period - Snap shot by Kurtis Foster.
4:14 of 1st period - Shot Misses the Net.
4:22 of 1st period - Minor Penalty to Enver Lisin for Cross-checking.
4:23 of 1st period - Maxim Talbot wins face-off versus Evgeni Malkin in Coyotes zone.
4:28 of 1st period - Snap shot by Evgeni Malkin.
4:28 of 1st period - Stopped by Ryan Miller without a rebound.
4:29 of 1st period - Maxim Talbot wins face-off versus Thomas Vanek in Coyotes zone.
4:58 of 1st period - Snap shot by Johan Franzen.
4:58 of 1st period - Shot Misses the Net.
5:04 of 1st period - Slapshot by Johan Franzen.
5:04 of 1st period - Shot Misses the Net.
5:41 of 1st period - Off-side.
5:42 of 1st period - Evgeni Malkin wins face-off versus Zach Parise in neutral zone.
6:06 of 1st period - Evgeni Malkin is hit by Mark Bell and loses puck.
6:22 of 1st period - Penalty to Enver Lisin is over, Enver Lisin is back on ice.
6:55 of 1st period - Rob Schremp is hit by Chris Stewart and loses puck.
8:02 of 1st period - Minor Penalty to Greg Zanon for Hooking.
8:03 of 1st period - Maxim Talbot wins face-off versus Evgeni Malkin in Coyotes zone.
8:50 of 1st period - Off-side.
8:51 of 1st period - Evgeni Malkin wins face-off versus Maxim Talbot in neutral zone.
9:00 of 1st period - Slapshot by Evgeni Malkin.
9:00 of 1st period - Shot Blocked by Josh Gorges.
9:18 of 1st period - Cody Hodgson is hit by Martin Samuelsson and loses puck.
10:02 of 1st period - Penalty to Greg Zanon is over, Greg Zanon is back on ice.
10:20 of 1st period - Wrist shot by Tyler Ennis.
10:20 of 1st period - Stopped by Ondrej Pavelec with a rebound.
10:40 of 1st period - Snap shot by Rob Schremp.
10:40 of 1st period - Shot Misses the Net.
10:46 of 1st period - Zach Parise is hit by Rob Schremp and loses puck.
11:01 of 1st period - Snap shot by Marian Gaborik.
11:01 of 1st period - Stopped by Ondrej Pavelec with a rebound.
11:03 of 1st period - Backhand shot by Brad Richards.
11:03 of 1st period - Shot Misses the Net.
11:05 of 1st period - Slapshot by Greg Zanon.
11:05 of 1st period - Stopped by Ondrej Pavelec with a rebound.
11:07 of 1st period - Slapshot by Thomas Hickey.
11:07 of 1st period - Deflect By Marian Gaborik.
11:07 of 1st period - Shot Misses the Net.
11:07 of 1st period - Puck is out of play.
11:08 of 1st period - Nazem Kadri wins face-off versus Evgeni Malkin in Senateurs zone.
11:51 of 1st period - Minor Penalty to Arturs Kulda for Hooking.
11:52 of 1st period - Zach Parise wins face-off versus Evgeni Malkin in Senateurs zone.
12:31 of 1st period - Slapshot by Kristopher Letang.
12:31 of 1st period - Shot Blocked by Kurtis Foster.
12:33 of 1st period - Wrist shot by Anton Stralman.
12:33 of 1st period - Deflect By Brenden Morrow.
12:33 of 1st period - Stopped by Ondrej Pavelec with a rebound.
13:51 of 1st period - Penalty to Arturs Kulda is over, Arturs Kulda is back on ice.
14:17 of 1st period - Enver Lisin is hit by Milan Hejduk and loses puck.
14:44 of 1st period - Maxim Talbot is hit by Dan Girardi.
15:18 of 1st period - Eric Brewer is hit by Brandon Dubinsky and loses puck.
15:30 of 1st period - Off-side.
15:31 of 1st period - Evgeni Malkin wins face-off versus Maxim Talbot in neutral zone.
15:36 of 1st period - Slapshot by Carlo Colaiacovo.
15:36 of 1st period - Shot Misses the Net.
15:58 of 1st period - Minor Penalty to Carlo Colaiacovo for Slashing.
15:59 of 1st period - Evgeni Malkin wins face-off versus Brad Richards in Senateurs zone.
16:12 of 1st period - Wrist shot by Thomas Vanek.
16:12 of 1st period - Shot Blocked by Brad Richards.
16:17 of 1st period - Minor Penalty to Zach Parise for Hooking.
16:18 of 1st period - Evgeni Malkin wins face-off versus Brad Richards in Coyotes zone.
16:30 of 1st period - Wrist shot by Brad Richards.
16:30 of 1st period - Deflect By Mark Bell.
16:30 of 1st period - Shot Blocked by Kurtis Foster.
16:30 of 1st period - Puck is out of play.
16:31 of 1st period - Evgeni Malkin wins face-off versus Brad Richards in Senateurs zone.
16:42 of 1st period - Wrist shot by Thomas Vanek.
16:42 of 1st period - Stopped by Ryan Miller without a rebound.
16:43 of 1st period - Brad Richards wins face-off versus Evgeni Malkin in Coyotes zone.
16:45 of 1st period - Minor Penalty to Anton Stralman for Hooking.
16:46 of 1st period - Brad Richards wins face-off versus Evgeni Malkin in Coyotes zone.
17:00 of 1st period - Greg Zanon is hit by Thomas Vanek and loses puck.
17:30 of 1st period - Icing by Brooks Orpik.
17:31 of 1st period - Brenden Morrow wins face-off versus Nazem Kadri in Senateurs zone.
17:58 of 1st period - Penalty to Carlo Colaiacovo is over, Carlo Colaiacovo is back on ice.
18:17 of 1st period - Penalty to Zach Parise is over, Zach Parise is back on ice.
18:20 of 1st period - Wrist shot by B.J. Crombeen.
18:20 of 1st period - Shot Misses the Net.
18:22 of 1st period - Slapshot by Vladimir Mihalik.
18:22 of 1st period - Shot Hit the Post.
18:24 of 1st period - Snap shot by Carlo Colaiacovo.
18:24 of 1st period - Stopped by Ryan Miller without a rebound.
18:25 of 1st period - Evgeni Malkin wins face-off versus Maxim Talbot in Coyotes zone.
18:26 of 1st period - Snap shot by Thomas Vanek.
18:26 of 1st period - Stopped by Ryan Miller without a rebound.
18:27 of 1st period - Maxim Talbot wins face-off versus Evgeni Malkin in Coyotes zone.
18:45 of 1st period - Penalty to Anton Stralman is over, Anton Stralman is back on ice.
18:51 of 1st period - Rob Schremp is hit by Maxim Talbot and loses puck.
18:56 of 1st period - Snap shot by Maxim Talbot.
18:56 of 1st period - Shot Misses the Net.
18:58 of 1st period - Snap shot by Mark Bell.
18:58 of 1st period - Shot Misses the Net.
19:00 of 1st period - Slapshot by Greg Zanon.
19:00 of 1st period - Deflect By Sergei Kostitsyn.
19:00 of 1st period - Stopped by Ondrej Pavelec without a rebound.
19:01 of 1st period - Evgeni Malkin wins face-off versus Marian Gaborik in Senateurs zone.
19:10 of 1st period - Wrist shot by B.J. Crombeen.
19:10 of 1st period - Shot Misses the Net.
19:12 of 1st period - Wrist shot by Thomas Vanek.
19:12 of 1st period - Stopped by Ryan Miller without a rebound.
19:13 of 1st period - Brad Richards wins face-off versus Evgeni Malkin in Coyotes zone.
19:41 of 1st period - Johan Franzen is hit by Kristopher Letang.
19:59 of 1st period - Icing by Johan Franzen.
Goals for this period are 0 for Coyotes vs 1 for Senateurs.
Shots for this period are 8 for Coyotes vs 9 for Senateurs.
2nd period
0:01 of 2nd period - Evgeni Malkin wins face-off versus Zach Parise in neutral zone.
0:08 of 2nd period - Wrist shot by Thomas Vanek.
0:08 of 2nd period - Stopped by Ryan Miller without a rebound.
0:09 of 2nd period - Evgeni Malkin wins face-off versus Marian Gaborik in Coyotes zone.
0:18 of 2nd period - Snap shot by Zach Parise.
0:18 of 2nd period - Shot Misses the Net.
0:26 of 2nd period - Snap shot by B.J. Crombeen.
0:26 of 2nd period - Shot Blocked by Brad Richards.
1:15 of 2nd period - Snap shot by Evgeni Malkin.
1:15 of 2nd period - Shot Misses the Net.
1:36 of 2nd period - Wrist shot by B.J. Crombeen.
1:36 of 2nd period - Shot Misses the Net.
1:38 of 2nd period - Snap shot by Evgeni Malkin.
1:38 of 2nd period - Stopped by Ryan Miller without a rebound.
1:39 of 2nd period - Nazem Kadri wins face-off versus Cody Hodgson in Coyotes zone.
2:04 of 2nd period - Ramzi Abid is hit by Enver Lisin and loses puck.
3:08 of 2nd period - Snap shot by Brandon Dubinsky.
3:08 of 2nd period - Shot Blocked by Greg Zanon.
3:23 of 2nd period - Martin Samuelsson is hit by Sergei Kostitsyn and loses puck.
3:50 of 2nd period - Maxim Talbot is hit by Vladimir Mihalik.
5:10 of 2nd period - Icing by Martin Samuelsson.
5:11 of 2nd period - Brooks Laich wins face-off versus Evgeni Malkin in Coyotes zone.
5:22 of 2nd period - Dan Girardi is hit by Chris Stewart.
5:40 of 2nd period - Wrist shot by Cody Hodgson.
5:40 of 2nd period - Deflect By Brenden Morrow.
5:40 of 2nd period - Stopped by Ryan Miller without a rebound.
5:41 of 2nd period - Cody Hodgson wins face-off versus Zach Parise in Coyotes zone.
5:42 of 2nd period - Snap shot by Brenden Morrow.
5:42 of 2nd period - Stopped by Ryan Miller without a rebound.
5:43 of 2nd period - Brad Richards wins face-off versus Cody Hodgson in Coyotes zone.
5:52 of 2nd period - Slapshot by Marian Gaborik.
5:52 of 2nd period - Shot Blocked by Brooks Orpik.
6:37 of 2nd period - Josh Gorges is hit by Ramzi Abid and loses puck.
6:54 of 2nd period - Kurtis Foster is hit by Martin Samuelsson and loses puck.
7:03 of 2nd period - Snap shot by Brooks Laich.
7:03 of 2nd period - Stopped by Ondrej Pavelec without a rebound.
7:04 of 2nd period - Brad Richards wins face-off versus Evgeni Malkin in Senateurs zone.
7:09 of 2nd period - Backhand shot by Brad Richards.
7:09 of 2nd period - Stopped by Ondrej Pavelec without a rebound.
7:10 of 2nd period - Marian Gaborik wins face-off versus Evgeni Malkin in Senateurs zone.
7:43 of 2nd period - Wrist shot by Tyler Ennis.
7:43 of 2nd period - Shot Blocked by Carlo Colaiacovo.
7:57 of 2nd period - Wrist shot by Enver Lisin.
7:57 of 2nd period - Stopped by Ondrej Pavelec without a rebound.
7:58 of 2nd period - Brandon Dubinsky wins face-off versus Maxim Talbot in Senateurs zone.
8:42 of 2nd period - Minor Penalty to Milan Hejduk for Tripping.
8:43 of 2nd period - Thomas Vanek wins face-off versus Zach Parise in Senateurs zone.
8:43 of 2nd period - Thomas Vanek is hit by Brad Richards.
8:48 of 2nd period - Brad Richards is hit by Carlo Colaiacovo and loses puck.
8:57 of 2nd period - Kurtis Foster is hit by Zach Parise and loses puck.
10:42 of 2nd period - Penalty to Milan Hejduk is over, Milan Hejduk is back on ice.
10:54 of 2nd period - Wrist shot by Milan Hejduk.
10:54 of 2nd period - Shot Blocked by Thomas Hickey.
10:56 of 2nd period - Snap shot by Ramzi Abid.
10:56 of 2nd period - Stopped by Ryan Miller without a rebound.
10:57 of 2nd period - Maxim Talbot wins face-off versus Rob Schremp in Coyotes zone.
10:57 of 2nd period - Maxim Talbot is hit by Dan Girardi.
11:11 of 2nd period - Snap shot by Enver Lisin.
11:11 of 2nd period - Stopped by Ondrej Pavelec with a rebound.
11:13 of 2nd period - Wrist shot by Maxim Talbot.
11:13 of 2nd period - Shot Misses the Net.
11:23 of 2nd period - Wrist shot by Martin Samuelsson.
11:23 of 2nd period - Shot Misses the Net.
11:53 of 2nd period - Wrist shot by Rob Schremp.
11:53 of 2nd period - Shot Misses the Net.
11:55 of 2nd period - Slapshot by Arturs Kulda.
11:55 of 2nd period - Shot Misses the Net.
11:57 of 2nd period - Snap shot by Sergei Kostitsyn.
11:57 of 2nd period - Goal by Sergei Kostitsyn - Coyotes : 0 - Senateurs : 2.
11:58 of 2nd period - Evgeni Malkin wins face-off versus Brad Richards in neutral zone.
12:02 of 2nd period - Minor Penalty to Brad Richards for Interference.
12:03 of 2nd period - Maxim Talbot wins face-off versus Evgeni Malkin in Coyotes zone.
14:02 of 2nd period - Penalty to Brad Richards is over, Brad Richards is back on ice.
14:05 of 2nd period - Snap shot by Sergei Kostitsyn.
14:05 of 2nd period - Deflect By Milan Hejduk.
14:05 of 2nd period - Stopped by Ryan Miller without a rebound.
14:06 of 2nd period - Brad Richards wins face-off versus Ramzi Abid in Coyotes zone.
14:52 of 2nd period - Minor Penalty to Brenden Morrow for Holding.
14:53 of 2nd period - Evgeni Malkin wins face-off versus Brad Richards in Senateurs zone.
14:57 of 2nd period - Minor Penalty to Marian Gaborik for Tripping.
14:58 of 2nd period - Brad Richards wins face-off versus Evgeni Malkin in Coyotes zone.
15:04 of 2nd period - Snap shot by Thomas Vanek.
15:04 of 2nd period - Deflect By Evgeni Malkin.
15:04 of 2nd period - Stopped by Ryan Miller without a rebound.
15:05 of 2nd period - Evgeni Malkin wins face-off versus Brad Richards in Coyotes zone.
15:50 of 2nd period - Wrist shot by Josh Gorges.
15:50 of 2nd period - Stopped by Ondrej Pavelec without a rebound.
15:51 of 2nd period - Brad Richards wins face-off versus Thomas Vanek in Senateurs zone.
16:34 of 2nd period - Icing by B.J. Crombeen.
16:35 of 2nd period - Ramzi Abid wins face-off versus Brad Richards in Senateurs zone.
16:52 of 2nd period - Penalty to Brenden Morrow is over, Brenden Morrow is back on ice.
16:57 of 2nd period - Penalty to Marian Gaborik is over, Marian Gaborik is back on ice.
17:05 of 2nd period - Snap shot by Johan Franzen.
17:05 of 2nd period - Shot Misses the Net.
17:07 of 2nd period - Snap shot by Brenden Morrow.
17:07 of 2nd period - Stopped by Ryan Miller without a rebound.
17:08 of 2nd period - Nazem Kadri wins face-off versus Cody Hodgson in Coyotes zone.
17:08 of 2nd period - Nazem Kadri is hit by Vladimir Mihalik.
17:22 of 2nd period - Wrist shot by Brenden Morrow.
17:22 of 2nd period - Stopped by Ryan Miller with a rebound.
17:34 of 2nd period - B.J. Crombeen is hit by Brooks Laich and loses puck.
17:43 of 2nd period - Wrist shot by Martin Samuelsson.
17:43 of 2nd period - Shot Misses the Net.
18:46 of 2nd period - Snap shot by Johan Franzen.
18:46 of 2nd period - Stopped by Ryan Miller with a rebound.
19:50 of 2nd period - Wrist shot by Maxim Talbot.
19:50 of 2nd period - Stopped by Ondrej Pavelec without a rebound.
19:51 of 2nd period - Maxim Talbot wins face-off versus Evgeni Malkin in Senateurs zone.
Goals for this period are 0 for Coyotes vs 1 for Senateurs.
Shots for this period are 6 for Coyotes vs 11 for Senateurs.
3rd period
0:01 of 3rd period - Brad Richards wins face-off versus Evgeni Malkin in neutral zone.
0:10 of 3rd period - Snap shot by Brad Richards.
0:10 of 3rd period - Deflect By Marian Gaborik.
0:10 of 3rd period - Stopped by Ondrej Pavelec without a rebound.
0:11 of 3rd period - Evgeni Malkin wins face-off versus Brad Richards in Senateurs zone.
0:18 of 3rd period - Snap shot by Evgeni Malkin.
0:18 of 3rd period - Stopped by Ryan Miller without a rebound.
0:19 of 3rd period - Evgeni Malkin wins face-off versus Brad Richards in Coyotes zone.
0:28 of 3rd period - Wrist shot by Thomas Vanek.
0:28 of 3rd period - Stopped by Ryan Miller with a rebound.
1:32 of 3rd period - Snap shot by Brooks Laich.
1:32 of 3rd period - Stopped by Ondrej Pavelec with a rebound.
1:50 of 3rd period - Snap shot by Johan Franzen.
1:50 of 3rd period - Goal by Johan Franzen - Coyotes : 0 - Senateurs : 3.
1:51 of 3rd period - Brad Richards wins face-off versus Evgeni Malkin in neutral zone.
2:05 of 3rd period - Snap shot by Zach Parise.
2:05 of 3rd period - Stopped by Ondrej Pavelec without a rebound.
2:06 of 3rd period - Nazem Kadri wins face-off versus Cody Hodgson in Senateurs zone.
2:21 of 3rd period - Wrist shot by Johan Franzen.
2:21 of 3rd period - Shot Blocked by Josh Gorges.
2:31 of 3rd period - Josh Gorges is hit by Carlo Colaiacovo and loses puck.
2:42 of 3rd period - Snap shot by Zach Parise.
2:42 of 3rd period - Goal by Zach Parise - Coyotes : 1 - Senateurs : 3.
2:43 of 3rd period - Brad Richards wins face-off versus Evgeni Malkin in neutral zone.
3:09 of 3rd period - Anton Stralman is hit by Johan Franzen and loses puck.
3:18 of 3rd period - Snap shot by Brenden Morrow.
3:18 of 3rd period - Shot Misses the Net.
3:55 of 3rd period - Snap shot by Pascal Dupuis.
3:55 of 3rd period - Shot Hit the Post.
4:18 of 3rd period - Snap shot by Evgeni Malkin.
4:18 of 3rd period - Stopped by Ryan Miller without a rebound.
4:19 of 3rd period - Tyler Ennis wins face-off versus Thomas Vanek in Coyotes zone.
4:28 of 3rd period - Snap shot by B.J. Crombeen.
4:28 of 3rd period - Stopped by Ryan Miller with a rebound.
5:11 of 3rd period - Snap shot by Milan Hejduk.
5:11 of 3rd period - Shot Blocked by Anton Stralman.
5:25 of 3rd period - Snap shot by Evgeni Malkin.
5:25 of 3rd period - Stopped by Ryan Miller with a rebound.
5:27 of 3rd period - Snap shot by B.J. Crombeen.
5:27 of 3rd period - Stopped by Ryan Miller with a rebound.
5:29 of 3rd period - Slapshot by B.J. Crombeen.
5:29 of 3rd period - Stopped by Ryan Miller without a rebound.
5:30 of 3rd period - Brooks Laich wins face-off versus B.J. Crombeen in Coyotes zone.
5:37 of 3rd period - Snap shot by Brooks Laich.
5:37 of 3rd period - Shot Blocked by Kurtis Foster.
5:55 of 3rd period - Carlo Colaiacovo is hit by Marian Gaborik and loses puck.
6:02 of 3rd period - Brad Richards is hit by Kurtis Foster and loses puck.
6:27 of 3rd period - Snap shot by Tyler Ennis.
6:27 of 3rd period - Stopped by Ondrej Pavelec without a rebound.
6:28 of 3rd period - Evgeni Malkin wins face-off versus Nazem Kadri in Senateurs zone.
6:28 of 3rd period - Evgeni Malkin is hit by Chris Stewart.
6:31 of 3rd period - Minor Penalty to B.J. Crombeen for Hooking.
6:32 of 3rd period - Brad Richards wins face-off versus Evgeni Malkin in Senateurs zone.
6:32 of 3rd period - Snap shot by Zach Parise.
6:32 of 3rd period - Deflect By Brad Richards.
6:32 of 3rd period - Stopped by Ondrej Pavelec without a rebound.
6:33 of 3rd period - Brad Richards wins face-off versus Evgeni Malkin in Senateurs zone.
7:06 of 3rd period - Brenden Morrow is hit by Nazem Kadri and loses puck.
7:13 of 3rd period - Slapshot by Brandon Dubinsky.
7:13 of 3rd period - Stopped by Ryan Miller without a rebound.
7:14 of 3rd period - Brad Richards wins face-off versus Evgeni Malkin in Coyotes zone.
7:53 of 3rd period - Snap shot by Brad Richards.
7:53 of 3rd period - Shot Misses the Net.
7:55 of 3rd period - Wrist shot by Josh Gorges.
7:55 of 3rd period - Goal by Josh Gorges - Coyotes : 2 - Senateurs : 3.
7:56 of 3rd period - Evgeni Malkin wins face-off versus Nazem Kadri in neutral zone.
9:46 of 3rd period - Slapshot by Ramzi Abid.
9:46 of 3rd period - Deflect By Brandon Dubinsky.
9:46 of 3rd period - Stopped by Ryan Miller without a rebound.
9:47 of 3rd period - Brad Richards wins face-off versus Brandon Dubinsky in Coyotes zone.
10:04 of 3rd period - Snap shot by Ramzi Abid.
10:04 of 3rd period - Deflect By Brad Richards.
10:04 of 3rd period - Shot Misses the Net.
10:04 of 3rd period - Puck is out of play.
10:05 of 3rd period - Evgeni Malkin wins face-off versus Nazem Kadri in Coyotes zone.
10:06 of 3rd period - Slapshot by B.J. Crombeen.
10:06 of 3rd period - Stopped by Ryan Miller without a rebound.
10:07 of 3rd period - Nazem Kadri wins face-off versus Evgeni Malkin in Coyotes zone.
10:11 of 3rd period - Minor Penalty to Carlo Colaiacovo for Holding.
10:12 of 3rd period - Evgeni Malkin wins face-off versus Brad Richards in Senateurs zone.
10:44 of 3rd period - Wrist shot by Chris Stewart.
10:44 of 3rd period - Stopped by Ondrej Pavelec without a rebound.
10:45 of 3rd period - Nazem Kadri wins face-off versus Brenden Morrow in Senateurs zone.
11:00 of 3rd period - Snap shot by Tyler Ennis.
11:00 of 3rd period - Stopped by Ondrej Pavelec with a rebound.
12:11 of 3rd period - Penalty to Carlo Colaiacovo is over, Carlo Colaiacovo is back on ice.
12:48 of 3rd period - Kristopher Letang is hit by Brandon Dubinsky and loses puck.
13:02 of 3rd period - Minor Penalty to Mark Bell for Holding.
13:03 of 3rd period - Evgeni Malkin wins face-off versus Maxim Talbot in Coyotes zone.
13:07 of 3rd period - Wrist shot by Evgeni Malkin.
13:07 of 3rd period - Shot Misses the Net.
13:09 of 3rd period - Snap shot by Carlo Colaiacovo.
13:09 of 3rd period - Stopped by Ryan Miller with a rebound.
13:11 of 3rd period - Snap shot by Evgeni Malkin.
13:11 of 3rd period - Stopped by Ryan Miller without a rebound.
13:12 of 3rd period - Evgeni Malkin wins face-off versus Maxim Talbot in Coyotes zone.
14:42 of 3rd period - Slapshot by Cody Hodgson.
14:42 of 3rd period - Shot Blocked by Josh Gorges.
15:00 of 3rd period - Josh Gorges is hit by Johan Franzen and loses puck.
15:02 of 3rd period - Penalty to Mark Bell is over, Mark Bell is back on ice.
17:12 of 3rd period - Maxim Talbot is hit by Pascal Dupuis.
18:01 of 3rd period - Johan Franzen is hit by Maxim Talbot and loses puck.
18:42 of 3rd period - Kristopher Letang is hit by Ramzi Abid.
18:55 of 3rd period - Off-side.
18:56 of 3rd period - Mike Keenan call a timeout for Coyotes.
18:56 of 3rd period - Brooks Laich wins face-off versus Evgeni Malkin in neutral zone.
18:59 of 3rd period - Evgeni Malkin is hit by Zach Parise and loses puck.
19:02 of 3rd period - Coyotes, Ryan Miller is pulled from the net.
19:04 of 3rd period - Wrist shot by Zach Parise.
19:04 of 3rd period - Stopped by Ondrej Pavelec with a rebound.
19:17 of 3rd period - Snap shot by Kristopher Letang.
19:17 of 3rd period - Stopped by Ondrej Pavelec without a rebound.
19:18 of 3rd period - Evgeni Malkin wins face-off versus Marian Gaborik in Senateurs zone.
19:45 of 3rd period - Slapshot by Marian Gaborik.
19:45 of 3rd period - Shot Blocked by Carlo Colaiacovo.
19:47 of 3rd period - Snap shot by Zach Parise.
19:47 of 3rd period - Shot Blocked by Thomas Vanek.
19:49 of 3rd period - Snap shot by Kristopher Letang.
19:49 of 3rd period - Shot Misses the Net.
19:51 of 3rd period - Wrist shot by Zach Parise.
19:51 of 3rd period - Deflect By Marian Gaborik.
19:51 of 3rd period - Stopped by Ondrej Pavelec without a rebound.
19:52 of 3rd period - Brooks Laich wins face-off versus Evgeni Malkin in Senateurs zone.
Goals for this period are 2 for Coyotes vs 1 for Senateurs.
Shots for this period are 12 for Coyotes vs 13 for Senateurs.
Back to the Top